Map: Catalyst LE

Players

InZaNe - Winner!

  • Race: Terran Terran
  • League: Grandmaster
  • Spawn Location: 5:00

eonblu

  • Race: Zerg Zerg
  • League: Grandmaster
  • Spawn Location: 11:00

Event: HomeStory Cup XVII

VOD

Have the link to the VOD?

Description

Time

  • Played on: June 28, 2018, 1:26 p.m.
  • Length: 13:31

All games in this series

Show
View Real Time Build Order
Export as new Build Order

InZaNe Terran - Winner!

Build Orders: Reaper Expand, Bio Tank, Hellion Banshee, Mech 

Get SALT Encoding   

  12  0:00  SCV  
  13  0:12  SCV  
  14  0:17  Supply Depot  
  14  0:25  SCV  
  15  0:39  SCV  
  15  0:40  Barracks  
  16  0:43  Refinery  
  16  0:51  SCV  
  17  1:03  SCV  
  18  1:15  SCV  
  19  1:27  Orbital Command, Reaper  
  20  1:42  Command Center  
  19  1:54  SCV  
  19  1:57  Supply Depot  
  19  1:59  Marine  
  21  2:09  Factory  
  21  2:11  SCV  
  22  2:20  Barracks Reactor  
  22  2:23  SCV  
  23  2:30  Refinery  
  23  2:35  SCV  
  24  2:47  SCV  
  25  2:58  Starport  
  26  2:59  Orbital Command, SCV  
  26  3:04  Hellion  
  28  3:06  Hellion  
  28  3:12  Barracks Tech Lab  
  29  3:13  SCV  
  30  3:25  SCV  
  31  3:28  Hellion x2  
  31  3:32  SCV  
  31  3:34  Supply Depot  
  36  3:37  SCV  
  37  3:44  SCV, Marine  
  37  3:45  Cloaking Field  
  39  3:49  Banshee, SCV  
  39  3:54  Hellion  
  45  3:56  SCV  
  45  3:57  Hellion  
  45  4:01  SCV  
  49  4:08  SCV  
  49  4:09  Barracks Tech Lab, Supply Depot  
  49  4:16  Hellion  
  51  4:21  SCV  
  54  4:26  SCV  
  54  4:27  Command Center  
  54  4:31  Marine  
  54  4:34  Banshee  
  54  4:38  SCV  
  58  4:41  Combat Shield  
  58  4:47  SCV  
  58  4:48  Factory Reactor  
  58  4:49  Marine, Factory Tech Lab  
  60  4:54  SCV  
  60  4:56  Barracks x2  
  60  4:59  SCV  
  62  5:04  Supply Depot  
  62  5:11  Marine  
  62  5:12  Siege Tank, SCV  
  67  5:23  Engineering Bay  
  67  5:24  Refinery, SCV, Engineering Bay  
  67  5:25  Refinery  
  68  5:28  Starport Reactor  
  68  5:31  Marine  
  68  5:32  SCV  
  70  5:36  SCV  
  72  5:45  Orbital Command, SCV  
  72  5:47  Marine x2  
  72  5:48  SCV, Barracks Reactor  
  72  6:01  Terran Infantry Weapons Level 1, Terran Infantry Armor Level 1  
  68  6:04  Marine  
  68  6:06  Barracks  
  68  6:07  Stimpack  
  68  6:08  Barracks  
  68  6:09  Orbital Command  
  69  6:12  SCV  
  69  6:13  SCV  
  71  6:22  Medivac x2  
  71  6:25  SCV x2, Marine  
  77  6:26  Marine x2  
  77  6:29  Marine  
  81  6:36  Marine  
  81  6:37  Siege Tank  
  81  6:38  SCV x3  
  88  6:43  Supply Depot  
  88  6:50  SCV x3  
  91  6:54  Armory, Barracks Reactor  
  91  6:55  Barracks Reactor  
  91  6:57  Marine  
  91  7:00  Marine  
  93  7:02  SCV, Marine x2  
  93  7:05  SCV x2  
  93  7:08  Medivac  
  92  7:13  Marine  
  92  7:14  SCV, Medivac  
  94  7:17  SCV x2  
  94  7:19  Refinery  
  94  7:21  Refinery  
  96  7:23  Supply Depot x2  
  96  7:24  Supply Depot  
  96  7:26  SCV, Marine x2  
  96  7:29  SCV  
  100  7:35  SCV  
  101  7:38  Factory  
  101  7:42  Supply Depot, Factory  
  101  7:43  Supply Depot, SCV  
  101  7:44  Siege Tank, SCV  
  106  7:46  Marine  
  106  7:47  SCV, Marine x5  
  106  7:50  Marine x2  
  115  7:55  Marine  
  115  7:56  SCV x2  
  117  8:00  Medivac x2  
  117  8:01  SCV  
  117  8:04  Marine  
  117  8:05  Marine x2  
  125  8:07  Marine x3  
  125  8:08  Marine x2  
  130  8:12  Marine  
  130  8:15  Terran Infantry Armor Level 2, Terran Infantry Weapons Level 2  
  131  8:22  Marine  
  131  8:25  Marine x2  
  131  8:26  Siege Tank  
  135  8:29  Marine x5  
  135  8:33  Supply Depot  
  141  8:35  Factory Tech Lab  
  141  8:36  Terran Vehicle Weapons Level 1  
  141  8:37  Supply Depot x2  
  141  8:44  Marine x2  
  141  8:47  Marine x2  
  144  8:52  Marine  
  144  8:53  Command Center  
  145  8:56  Marine x2  
  147  9:03  Siege Tank x2  
  147  9:09  Supply Depot  
  153  9:11  Supply Depot  
  153  9:13  Medivac x2  
  153  9:14  Marauder  
  153  9:15  Marine  
  153  9:16  Marine x2  
  161  9:22  Marine  
  162  9:29  Marine  
  162  9:30  Marine x3  
  152  9:36  Barracks x2  
  152  9:38  Barracks  
  152  9:40  Siege Tank x2  
  158  9:47  Marine x5  
  158  9:50  Medivac x2  
  158  9:51  Marine  
  164  9:59  Marine  
  164  10:00  Marine  
  164  10:01  Marine  
  167  10:07  Marine  
  167  10:09  Marine  
  167  10:12  Siege Tank x2, SCV x3  
  180  10:21  Marauder  
  180  10:24  SCV  
  177  10:29  Marine x2  
  142  10:42  Marine x5  
  123  10:43  Marine  
  123  10:44  Siege Tank  
  123  10:45  Planetary Fortress  
  123  10:48  Marauder  
  123  10:49  Barracks Tech Lab  
  134  10:50  Barracks Tech Lab  
  134  10:53  Marine x2  
  134  10:54  Siege Tank  
  134  10:56  Barracks Tech Lab  
  137  11:00  Marine  
  137  11:01  Marine  
  137  11:02  Marine x4  
  143  11:07  Medivac x2  
  143  11:10  Marauder, Marine  
  150  11:12  Refinery  
  150  11:13  Marauder x2, Refinery  
  150  11:14  Marauder  
  150  11:16  Siege Tank  
  159  11:22  Sensor Tower  
  159  11:26  Liberator x2  
  159  11:31  Marauder  
  161  11:33  Marine x7  
  161  11:35  Marauder  
  169  11:46  Unknown x6  
  175  11:50  Marauder x2, Concussive Shells  
  175  11:53  Marauder  
  181  11:57  Command Center  
  179  12:01  Marine  
  179  12:02  Marine x7  
  187  12:09  Marauder  
  187  12:11  Marauder x2  
  187  12:13  Siege Tank  
  187  12:14  Siege Tank  
  199  12:20  Ghost Academy  
  199  12:26  Marine  
  200  12:46  Starport  
  200  12:47  Starport, Fusion Core  
  180  13:27  Starport Tech Lab  
Show
View Real Time Build Order
Export as new Build Order

eonblu Zerg 

Build Orders: Pool First 

Get SALT Encoding   

  12  0:00  Drone  
  13  0:12  Overlord  
  13  0:17  Drone  
  14  0:30  Drone x2  
  16  0:36  Drone  
  17  0:45  Spawning Pool  
  17  0:48  Drone  
  17  1:08  Hatchery  
  16  1:11  Drone  
  16  1:14  Drone  
  16  1:17  Extractor  
  16  1:18  Extractor  
  16  1:32  Zergling x4  
  19  1:34  Queen  
  21  1:41  Drone  
  22  1:49  Overlord  
  22  2:07  Drone  
  23  2:10  Queen  
  23  2:11  Drone  
  26  2:17  Metabolic Boost  
  26  2:21  Drone  
  27  2:25  Drone  
  28  2:33  Drone x2  
  30  2:42  Hatchery  
  29  2:47  Overlord  
  29  2:50  Drone  
  30  2:53  Drone  
  30  2:55  Drone  
  32  2:59  Drone  
  32  3:00  Drone  
  34  3:07  Drone x2  
  34  3:15  Queen  
  36  3:20  Overlord  
  36  3:21  Zergling x4  
  36  3:22  Zergling x2  
  36  3:26  Drone x2  
  41  3:31  Queen  
  43  3:35  Zergling x2  
  44  3:45  Drone x2  
  46  3:52  Drone x2  
  46  3:54  Drone  
  49  3:56  Queen  
  49  3:58  Queen  
  53  4:06  Overlord  
  52  4:12  Overlord x2  
  50  4:20  Spore Crawler  
  50  4:21  Spore Crawler, Queen  
  50  4:22  Spore Crawler  
  49  4:25  Zergling x4  
  49  4:26  Baneling Nest, Zergling x4  
  49  4:28  Zergling x4  
  54  4:35  Drone x3  
  57  4:39  Drone x2  
  57  4:41  Drone  
  57  4:42  Drone  
  61  4:48  Spore Crawler  
  61  4:50  Zergling x6  
  63  4:55  Drone  
  63  4:56  Drone  
  65  5:01  Drone  
  65  5:02  Drone  
  65  5:05  Overlord  
  65  5:06  Drone x3  
  70  5:07  Drone  
  70  5:09  Drone  
  70  5:11  Drone  
  70  5:12  Drone  
  73  5:17  Drone x2  
  73  5:19  Overlord  
  74  5:23  Drone  
  74  5:24  Drone, Evolution Chamber x2  
  74  5:27  Drone  
  74  5:31  Drone  
  74  5:33  Drone x2  
  74  5:35  Drone  
  77  5:36  Drone  
  77  5:38  Drone x2  
  79  5:45  Drone x2  
  79  5:46  Drone x2  
  83  5:50  Extractor  
  83  5:51  Extractor  
  83  5:52  Extractor, Lair  
  83  5:54  Extractor, Drone x3  
  83  5:55  Drone  
  83  5:56  Extractor, Drone  
  83  5:59  Drone  
  78  6:05  Drone  
  78  6:09  Drone x2  
  81  6:14  Zerg Melee Weapons Level 1, Zerg Ground Armor Level 1  
  81  6:16  Hatchery  
  80  6:25  Zergling x2  
  80  6:26  Zergling x18  
  88  6:34  Overlord  
  88  6:35  Overlord  
  88  6:41  Drone x2  
  88  6:44  Overlord x2  
  88  7:01  Zergling x2  
  88  7:02  Centrifical Hooks, Zergling x12  
  88  7:05  Hydralisk Den  
  88  7:07  Drone x4  
  96  7:26  Overseer  
  96  7:34  Zergling x2  
  96  7:35  Zergling x16  
  96  7:36  Grooved Spines  
  105  7:41  Hatchery, Zergling x2  
  105  7:42  Zergling x18  
  113  7:52  Zergling x6  
  113  7:57  Baneling x3  
  113  7:58  Baneling x16  
  114  8:04  Zergling x16  
  114  8:05  Baneling x3  
  121  8:06  Baneling x5  
  121  8:10  Zerg Ground Armor Level 2, Zerg Melee Weapons Level 2  
  121  8:12  Zergling x4  
  118  8:31  Drone x7  
  118  8:32  Drone x3  
  118  8:33  Overlord x3  
  118  8:34  Overlord  
  116  8:43  Zergling x8  
  116  8:44  Zergling x8  
  116  8:47  Muscular Augments  
  124  8:51  Drone  
  124  8:54  Hydralisk x3  
  131  9:04  Hydralisk x5  
  141  9:13  Zergling x18  
  148  9:19  Overlord x2  
  139  9:41  Zergling x8  
  139  9:42  Zergling x28  
  154  9:46  Hatchery  
  154  9:48  Pneumatized Carapace  
  154  9:50  Overseer x3  
  148  10:00  Hydralisk x2  
  148  10:01  Hydralisk x5  
  148  10:02  Infestation Pit  
  161  10:11  Zergling x10  
  165  10:18  Baneling x22  
  165  10:19  Baneling x5  
  149  10:37  Zergling x36  
  149  10:38  Zergling x2  
  149  10:42  Zergling x4  
  144  10:43  Zergling x2  
  144  10:45  Hive  
  144  10:49  Zergling x10  
  150  10:59  Hydralisk x5  
  159  11:09  Hydralisk x5  
  168  11:16  Zergling x14  
  175  11:25  Zergling x8  
  179  11:29  Overlord x4  
  173  11:42  Zergling x14  
  173  11:46  Spire  
  179  11:50  Baneling x16  
  171  12:04  Zergling x2  
  171  12:05  Zergling x34  
  164  12:10  Viper x3  
  164  12:12  Viper  
  172  12:18  Zergling x12  
  172  12:22  Baneling x8  
  178  12:29  Baneling x7  
  178  12:30  Baneling x5  
  165  12:39  Baneling x2  
  165  12:40  Baneling x4, Zergling x2  
  165  12:41  Zergling x20  
  176  12:45  Zergling x2  
  176  12:46  Zergling x6  
  173  12:51  Zergling x12  
  173  12:56  Zergling x10  
  159  13:06  Baneling x6  
  159  13:07  Baneling x9  
Tags
 
Add a new tag
Caveats
  • Supply blocks, unpowered buildings, or Contaminate may cause inaccurate times.
  • Supply counts are checked every 10 seconds.